 Dungeon Crawl Stone Soup version 0.29-a0-817-g9904bce7a6 (webtiles) character file.

Game seed: 5921818958893236412

295 Mgcat the Trooper (level 6, -1/67 HPs)
             Began as an Ogre Berserker on July 5, 2022.
             Was a Priest of Trog.
             Slain by Pikel
             ... wielding a +2 whip of flaming
              (2 damage)
             ... on level 4 of the Dungeon.
             The game lasted 00:05:47 (3522 turns).

Mgcat the Trooper (Ogre Berserker)                  Turns: 3522, Time: 00:05:47

Health: -1/67      AC:  3    Str: 24    XL:     6   Next: 34%
Magic:  6/6        EV: 10    Int:  8    God:    Trog [***...]
Gold:   54         SH:  5    Dex:  8    Spells: 5/5 levels left

rFire   . . .      SeeInvis .   t - +0 hand axe (vorpal)
rCold   . . .      Faith    .   (no shield)
rNeg    . . .      Spirit   .   b - +0 animal skin
rPois   .          Reflect  +   (helmet restricted)
rElec   .          Harm     .   (no cloak)
rCorr   .          Rampage  .   (gloves unavailable)
Will    .....                   (boots unavailable)
Stlth   +.........              j - amulet of reflection
HPRegen 0.21/turn               (no ring)
MPRegen 0.10/turn               (no ring)

@: mighty, on berserk cooldown, slowed, very slow
A: large, unfitting armour, tough skin 1
a: Renounce Religion, Berserk, Trog's Hand


You were on level 4 of the Dungeon.
You worshipped Trog.
Trog was most pleased with you.
You visited 1 branch of the dungeon, and saw 4 of its levels.

You collected 142 gold pieces.
You spent 88 gold pieces at shops.

Inventory:

Hand Weapons
 p - a +0 war axe
   (You found it on level 3 of the Dungeon)
 t - a +0 vorpal hand axe (weapon)
   (You took it off Blork the orc on level 4 of the Dungeon)
Armour
 b - a +0 animal skin (worn)
Jewellery
 h - an amulet of the acrobat
   (You found it on level 1 of the Dungeon)
 j - an amulet of reflection (around neck)
   (You found it on level 1 of the Dungeon)
Wands
 s - a wand of polymorph (8)
   (You found it on level 4 of the Dungeon)
Scrolls
 d - 2 scrolls of teleportation
 f - a scroll of enchant armour {unknown}
 g - 2 scrolls of fog
 k - a scroll of vulnerability {unknown}
 o - 2 scrolls of magic mapping {!r}
 q - a scroll of fear {unknown}
 r - a scroll of identify
Potions
 a - a potion of haste {unknown}
 e - a potion of degeneration {!q}
 i - 4 potions of might
 l - 2 potions of attraction {!q}
 m - a potion of flight
 n - 5 potions of curing


   Skills:
 + Level 5.6 Fighting
 * Level 5.3 Axes
 + Level 3.9 Dodging


You had 5 spell levels left.
You didn't know any spells.
Your spell library was empty.

Dungeon Overview and Level Annotations

Branches:
Dungeon (4/15)
 Temple: D:4-7

Altars:

Shops:
D:2 !

Annotations:
D:4 Pikel


Innate Abilities, Weirdness & Mutations

You are too large for most types of armour.
You have tough skin. (AC +1)


Message History

You feel yourself moving faster!
You feel mighty!
The orc shouts!
Natasha claws you but does no damage.
You now have 66/99 hp.
Spoiler Alert: Natasha can cast Slow, Mephitic Cloud, Call Imp, and go Invisible!
You closely miss Natasha.
Natasha is severely wounded.
Spoiler Alert: Natasha can cast Slow, Mephitic Cloud, Call Imp, and go Invisible!
You slash Natasha!
You feel the power of Trog in you as your rage grows.
You kill Natasha!
Trog accepts your kill.
Trog appreciates your killing of a magic user.
Moaning pathetically, Natasha's spirit plunges into the ground.
The orc drinks a potion.
The orc seems to grow stronger.
An orc priest comes into view. It is wielding a +0 hand axe.
Spoiler Alert: The orc priest can smite you!
You see here the felid corpse of Natasha.
You hit the orc but do no damage. You block the orc's attack.
You slash the orc!
You kill the orc!
Trog accepts your kill.
Pikel, Merchant of Souls comes into view.
He is wielding a +2 whip of flaming and wearing a +1 robe of willpower.
Warning x2: Pikel (wandering) can hit for high damage in melee!
The orc priest can smite you!
Unknown command.
Lua error: [string "/dgldir/rcfiles/crawl-git/Mgcat.rc"]:930: invalid capture index You barely miss the orc priest.
Pikel shouts!
You hear a shout! x5
Warning x2: Pikel can hit for high damage in melee!
The orc priest can smite you!
You barely miss the orc priest.
You hear a shout!
You block the orc priest's attack.
Warning x2: The orc priest can smite you!
Pikel can hit for high damage in melee!
You slash the orc priest!
The orc priest is almost dead.
The orc priest hits you with a +0 hand axe.
You take 5 damage, and have 62/99 hp.
Warning x2: The orc priest can smite you!
Pikel can hit for high damage in melee!
You closely miss the orc priest.
The orc priest is almost dead.
The orc priest invokes the aid of Beogh against you.
Pain shoots through your body!
You take 14 damage, and have 48/99 hp.
Warning x2: The orc priest can smite you!
Pikel can hit for high damage in melee!
You slash the orc priest!
You kill the orc priest!
Trog accepts your kill.
Spoiler Alert: Pikel can hit for high damage in melee!
Pikel closely misses you.
Items here: ! )) [.
You slash Pikel!
Pikel is heavily wounded.
You are no longer berserk.
You are exhausted.
You feel yourself slow down.
Pikel hits you with a +2 whip of flaming.
Pikel burns you.
You now have 27/67 hp.
Spoiler Alert: Pikel can hit for high damage in melee!
Unknown command.
You hit Pikel but do no damage.
Pikel is heavily wounded.
A lemure comes into view.
Pikel hits you with a +2 whip of flaming!
* * * LOW HITPOINT WARNING * * *
Pikel burns you.
* * * LOW HITPOINT WARNING * * *
You take 11 damage, and have 16/67 hp.
Spoiler Alert: Pikel can hit for high damage in melee!
Unknown command.
Unknown command.
Aiming: Polymorph
Press: ? - help, Shift-Dir - straight line, f - Pikel
Aim: Pikel, wielding a +2 whip of flaming and wearing a +1 robe of willpower (heavily wounded, will become a black bear, a centaur, or a yaktaur, chance to affect: 17%)
Okay, then.
Spoiler Alert: Pikel can hit for high damage in melee!
Unknown command.
You feel much better.
Pikel hits you with a +2 whip of flaming!
Pikel burns you.
A lemure comes into view.
Pikel hits you with a +2 whip of flaming!
* * * LOW HITPOINT WARNING * * *
Pikel burns you.
* * * LOW HITPOINT WARNING * * *
You take 1 damage, and have 15/67 hp.
Spoiler Alert: Pikel can hit for high damage in melee!
You feel very mighty all of a sudden.
Pikel hits you with a +2 whip of flaming!
* * * LOW HITPOINT WARNING * * *
Pikel burns you.
* * * LOW HITPOINT WARNING * * *
You take 10 damage, and have 5/67 hp.
Spoiler Alert: Pikel can hit for high damage in melee!
You slash Pikel!
Pikel is almost dead.
Pikel hits you with a +2 whip of flaming.
* * * LOW HITPOINT WARNING * * *
Pikel burns you.
You die...

). ### #. ..# #.
..# ##.## ..#
.... ..# .5# ..#
#K# ..# #@## ..#
#†)# ..# ##.##
..## #..#
...#+## ##.## .#
...#..# #..# .#
...##.# ##.###.#
...##.#.#
##.####).##.####
...##.# ...
.........##....


You could see Pikel and a lemure.

Vanquished Creatures
  Blork the orc (D:4)
  An orc priest (D:4)
  Terence (D:3)
  Natasha (D:4)
  Robin (D:2)
  2 adders
  3 worms
  4 dart slugs
  4 orcs
  4 ball pythons (D:3)
  5 bats
  7 endoplasms
  2 giant cockroaches
  11 goblins
  18 hobgoblins
  6 kobolds
  2 quokkas (D:3)
  5 frilled lizards
  9 rats
87 creatures vanquished.

Notes
Turn   | Place    | Note
-------+----------+-------------------------------------------
     0 | D:1      | Mgcat the Ogre Berserker began the quest for the Orb.
     0 | D:1      | Reached XP level 1. HP: 24/24 MP: 1/1
    93 | D:1      | Reached XP level 2. HP: 14/32 MP: 2/2
    97 | D:1      | HP: 11/48 [hobgoblin (2)]
   103 | D:1      | HP: 10/48 [hobgoblin (2)]
   562 | D:1      | Found a faded altar of an unknown god.
   588 | D:1      | Reached skill level 3 in Dodging
   595 | D:1      | Reached XP level 3. HP: 40/40 MP: 3/3
  1232 | D:2      | Reached ** piety under Trog
  1327 | D:2      | Noticed Robin
  1347 | D:2      | Killed Robin
  1348 | D:2      | Reached skill level 4 in Axes
  1348 | D:2      | Reached XP level 4. HP: 49/49 MP: 4/4
  1591 | D:2      | Found Ywanih's Distillery.
  1599 | D:2      | Bought a potion of might for 44 gold pieces
  1599 | D:2      | Bought a potion of might for 44 gold pieces
  2164 | D:3      | Noticed Terence
  2173 | D:3      | Killed Terence
  2278 | D:3      | Reached skill level 5 in Fighting
  2291 | D:3      | Reached XP level 5. HP: 49/57 MP: 5/5
  2951 | D:3      | Reached *** piety under Trog
  3382 | D:4      | Noticed Blork the orc
  3405 | D:4      | Killed Blork the orc
  3406 | D:4      | Reached skill level 5 in Axes
  3406 | D:4      | Reached XP level 6. HP: 66/66 MP: 6/6
  3497 | D:4      | Noticed Natasha
  3508 | D:4      | Killed Natasha
  3511 | D:4      | Noticed Pikel
  3519 | D:4      | HP: 16/67 [Pikel/+2 whip of flaming (1)]
  3521 | D:4      | HP: 5/67 [Pikel/+2 whip of flaming (3)]
  3522 | D:4      | HP: 1/67 [Pikel/+2 whip of flaming (4)]
  3522 | D:4      | Slain by Pikel

Illustrated notes

Levels and vault maps discovered:
D:1:      minmay_arrival_hallway, layout_rooms,
          chequers_ecumenical_altar_island, minmay_pentomino_x2
D:2:      layout_rooms, serial_shops, nicolae_shop_advertising_works
          [nicolae_subvault_shop_adworks], uniq_robin
D:3:      layout_loops_corners, minmay_joined_circles, uniq_terence
D:4:      layout_basic, kennysheep_mini, minmay_snake_closets,
          uniq_blork_the_orc, uniq_pikel, uniq_grinder, uniq_natasha,
          uniq_sigmund, uniq_ijyb

Skill      XL: |  1  2  3  4  5 |
---------------+----------------+-----
Dodging        | 3 |  3.9
Axes           | 4 5 |  5.3
Fighting       | 5 |  5.6

Action                   |  1- 3 |  4- 6 || total
-------------------------+-------+-------++-------
Melee: Hand axe          |   109 |    86 ||   195
       Punch             |     1 |     2 ||     3
       War axe           |       |    73 ||    73
Invok: Berserk           |     2 |     4 ||     6
  Use: Scroll            |       |     8 ||     8
       Potion            |       |     2 ||     2
 Stab: Sleeping          |     1 |       ||     1
Armor: Animal skin       |    35 |    35 ||    70
Dodge: Dodged            |    45 |    67 ||   112
Block: Other             |    17 |    29 ||    46

Table legend: (Time is in decaauts)
 A = Elapsed time spent in this place.
 B = Non-inter-level travel time spent in this place.
 C = Inter-level travel time spent in this place.
 D = Time resting spent in this place.
 E = Time spent auto-exploring this place.
 F = Levels seen in this place.
 G = Mean time per level.
                   A        B        C        D        E       F      G
               +--------+--------+--------+--------+--------+-----+--------+
         Total |   3602 |   3540 |     62 |    840 |   2118 |   4 |  900.5 |
       Dungeon |   3602 |   3540 |     62 |    840 |   2118 |   4 |  900.5 |
               +--------+--------+--------+--------+--------+-----+--------+

Top non-repeatable levels by time:
     D:3: 1321 daAuts
     D:2: 1052 daAuts
     D:1: 971 daAuts
     D:4: 258 daAuts

Table legend:
 A = Kills in this place as a percentage of kills in entire the game.
 B = Kills by you in this place as a percentage of kills by you in the entire game.
 C = Kills by friends in this place as a percentage of kills by friends in the entire game.
 D = Other kills in this place as a percentage of other kills in the entire game.
 E = Experience gained in this place as a percentage of experience gained in the entire game.
 F = Experience gained in this place divided by the number of levels of this place that you have seen.
                   A       B       C       D       E      F
               +-------+-------+-------+-------+-------+----------------------
         Total | 100.0 | 100.0 |   N/A |   N/A | 100.0 | 105.5
       Dungeon | 100.0 | 100.0 |   N/A |   N/A | 100.0 | 105.5
               +-------+-------+-------+-------+-------+----------------------
